 Dungeon Crawl Stone Soup version 0.31-a0-339-gda1cbd555d (webtiles) character file.

Game seed: 14125011435079465616

1573 mopl the Insei (level 8, 0/54 HPs)
             Began as an Octopode Shapeshifter on July 20, 2023.
             Slain by a steam dragon (11 damage)
             ... on level 6 of the Dungeon.
             The game lasted 00:05:51 (4129 turns).

mopl the Insei (Octopode Shapeshifter)              Turns: 4129, Time: 00:05:52

Health: 0/54       AC:  1    Str: 14    XL:     8   Next: 90%
Magic:  8/8        EV: 14    Int: 11    God:
Gold:   26         SH:  4    Dex: 14    Spells: 7/7 levels left

rFire   . .          .
                       - Unarmed
rCold   . . .        k - +0 buckler
rNeg    . . .        (helmet currently unavailable)
rPois   .            m - amulet of regeneration
rElec   .            (no ring)
rCorr   .            (no ring)
SInv    .            (no ring)
Will    .....        (no ring)
Stlth   ++           (no ring)
HPRegen 1.09/turn    (no ring)
MPRegen 0.11/turn    (no ring)
                     (no ring)

%: no passive effects
@: beast-form
A: beast (slay +4), almost no armour, amphibious, 8 rings, camouflage 1,
gelatinous body 1, (nimble swimmer 1), tentacles
a: Begin Untransformation


You were on level 6 of the Dungeon.
You were a hulking beast.
You visited 1 branch of the dungeon, and saw 6 of its levels.

You collected 303 gold pieces.
You spent 277 gold pieces at shops.

Inventory:

Missiles
 e - 18 poisoned darts (quivered)
 j - 2 javelins
 l - a throwing net
 u - 4 boomerangs
Armour
 k - a +0 buckler (worn)
Jewellery
 d - an amulet of faith {!P}
 m - an amulet of regeneration (around mantle)
Talismans
 b - a beast talisman
Wands
 o - a wand of paralysis (8)
 q - a wand of digging (9)
 x - a wand of iceblast (8)
Scrolls
 c - 5 scrolls of identify {unknown}
 f - a scroll of poison {unknown}
 g - 2 scrolls of immolation
 h - a scroll of enchant weapon {unknown}
 i - 2 scrolls of teleportation
 n - a scroll of fear {unknown}
 y - a scroll of blinking {unknown}
 z - a scroll of amnesia {unknown}
Potions
 a - a potion of lignification {!q}
 p - a potion of attraction {unknown}
 r - 2 potions of curing
 s - a potion of ambrosia {unknown}
 t - a potion of berserk rage {!q}
 v - a potion of haste {unknown}
 w - a potion of might {unknown}


   Skills:
 + Level 4.3 Fighting
 + Level 4.7 Dodging
 * Level 7.0 Unarmed Combat
 * Level 6.0 Shapeshifting


You had 7 spell levels left.
You didn't know any spells.
Your spell library contained the following spells:

 Spells                   Type           Power      Damage    Failure   Level
 Slow                     Hex            0%         N/A       43%         1
 Confusing Touch          Hex            0%         N/A       82%         3
 Stone Arrow              Conj/Erth      0%         3d7       82%         3
 Vampiric Draining        Necr           0%         2d6       82%         3
 Lehudib's Crystal Spear  Conj/Erth      0%         10d2      100%        8
 Animate Armour           Summ/Erth      Unusable   N/A       N/A         4

Dungeon Overview and Level Annotations

Branches:
Dungeon (6/15)
 Temple: D:4-7

Altars:
Ashenzari
Elyvilon
Gozag
Zin

Shops:
D:3 (=(*


Innate Abilities, Weirdness & Mutations

You are a hulking beast.
Your limbs bulge with bestial killing power. (Slay +4)
You cannot wear most types of armour.
You are amphibious.
You can wear up to eight rings at the same time.
Your skin changes colour to match your surroundings (Stealth+).
Your rubbery body absorbs attacks. (AC +1, EV +1)
((You are camouflaged when in or above water. (Stealth+)))
You have tentacles for arms and can constrict up to eight enemies at once.


Message History

The ball of steam hits you!
You hear a shout!
No target in view!
No target in view!
No target in view!
No target in view!
No target in view!
No target in view!
No target in view!
No target in view!
No target in view!
No target in view!
No target in view!
No target in view!
Unknown command.
An orc comes into view. It is wielding a +0 flail.
You block the steam dragon's attack. x2
You bludgeon the steam dragon!
The steam dragon is moderately wounded.
The steam dragon breathes steam at you. The ball of steam hits you!
You tentacle-slap the steam dragon but do no damage.
You squeeze the steam dragon!
The steam dragon is severely wounded.
You are engulfed in a cloud of scalding steam.
The steam dragon misses you. The steam dragon claws you.
You closely miss the steam dragon.
The steam dragon is severely wounded.
You are engulfed in a cloud of scalding steam.
The steam dragon bites you!
* * * LOW HITPOINT WARNING * * *
The steam dragon barely misses you.
You are too injured to fight recklessly!
You are too injured to fight recklessly!
You completely miss the steam dragon.
The steam dragon is severely wounded.
You are engulfed in a cloud of scalding steam.
* * * LOW HITPOINT WARNING * * *
The steam dragon bites you!
You die...

.....?..........#
................# .
#...(.........# ..
#...........######...
####..###D..../#.......
.....#.##..............
#>!..#...........#.##.
...?...D##..)....##
#.#.#...h#...†....##
.#.##...§.§.......#
........§.§..........#
...#...§.§§............
#... #....§...............
....##.$.................
##.#.#?.........###.......
#. #..#.###...###..#
.......
..###....#....####..# .#


You could see a steam dragon.

Vanquished Creatures
  Eustachio (D:4)
  Menkaure (D:4)
  2 water moccasins (D:5)
  A black bear (D:6)
  3 ogres (D:5)
  2 scorpions
  A jelly (D:5)
  2 orc priests (D:4)
  5 hounds
  Terence (D:2)
  4 iguanas
  3 orc wizards
  Robin (D:2)
  6 gnolls
  5 adders
  2 ufetubi (D:6)
  A worm (D:2)
  2 dart slugs
  13 orcs
  2 bats (D:3)
  4 endoplasms
  3 giant cockroaches
  16 goblins
  6 hobgoblins
  3 jackals
  7 kobolds
  3 quokkas
  12 ball pythons
  2 frilled lizards
  8 rats
122 creatures vanquished.

Notes
Turn   | Place    | Note
-------+----------+-------------------------------------------
     0 | D:1      | mopl the Octopode Shapeshifter began the quest for the Orb.
     0 | D:1      | Reached XP level 1. HP: 13/13 MP: 1/1
   167 | D:1      | Reached XP level 2. HP: 18/18 MP: 2/2
   738 | D:2      | Noticed Terence
   746 | D:2      | Reached XP level 3. HP: 19/23 MP: 3/3
   840 | D:2      | HP: 1/23 [Terence/+0 short sword (6)]
   842 | D:2      | Killed Terence
   843 | D:2      | Reached XP level 4. HP: 2/28 MP: 4/4
  1221 | D:2      | Noticed Robin
  1249 | D:2      | Reached skill level 4 in Unarmed Combat
  1251 | D:2      | Killed Robin
  1329 | D:2      | Reached skill level 2 in Fighting
  1465 | D:2      | Reached XP level 5. HP: 30/34 MP: 5/5
  1554 | D:3      | Found Nyduzis's Weapon Emporium.
  1601 | D:3      | Found Dacsuod's Antique Weapon Shop.
  1691 | D:3      | Found Fetrut's General Store.
  1696 | D:3      | Bought a potion of heal wounds for 55 gold pieces
  1696 | D:3      | Bought a scroll of teleportation for 33 gold pieces
  1726 | D:3      | Found Bukhlo's Jewellery Shoppe.
  2208 | D:3      | Found Fesodot's Antique Weapon Emporium.
  2267 | D:3      | Found a faded altar of an unknown god.
  2404 | D:4      | Reached skill level 3 in Dodging
  2409 | D:4      | Reached skill level 4 in Shapeshifting
  2409 | D:4      | Reached XP level 6. HP: 40/40 MP: 6/6
  2417 | D:4      | Noticed Menkaure
  2418 | D:4      | Found a broken altar of Ashenzari.
  2434 | D:4      | Killed Menkaure
  2598 | D:4      | Found an opulent altar of Gozag.
  2651 | D:4      | Found a white marble altar of Elyvilon.
  2741 | D:4      | Reached skill level 5 in Unarmed Combat
  2751 | D:4      | Reached XP level 7. HP: 35/45 MP: 7/7
  2972 | D:4      | Found Zin's Purification Station.
  2992 | D:4      | Found a glowing silver altar of Zin.
  2995 | D:4      | Bought a potion of curing for 90 gold pieces
  3007 | D:4      | Noticed Eustachio
  3016 | D:4      | Killed Eustachio
  3017 | D:4      | Reached skill level 3 in Fighting
  3109 | D:3      | Bought a potion of berserk rage for 55 gold pieces
  3165 | D:5      | Entered Level 5 of the Dungeon
  3224 | D:5      | Reached skill level 5 in Shapeshifting
  3226 | D:5      | Reached skill level 4 in Dodging
  3226 | D:5      | Reached skill level 6 in Unarmed Combat
  3226 | D:5      | Reached XP level 8. HP: 33/52 MP: 8/8
  3544 | D:5      | Reached skill level 4 in Fighting
  3997 | D:3      | Bought a scroll of immolation for 44 gold pieces
  4099 | D:6      | Reached skill level 7 in Unarmed Combat
  4099 | D:6      | Reached skill level 6 in Shapeshifting
  4129 | D:6      | Slain by a steam dragon

Illustrated notes

Levels and vault maps discovered:
D:1:      dpeg_arrival_prison, layout_loops_ring, nicolae_houndstooth_variations
D:2:      layout_rooms, uniq_robin, uniq_terence
D:3:      layout_loops_cross, shapermc_ecumenical_altar_mp_vishouse,
          serial_shops, nicolae_shop_behind_doors,
          nicolae_shop_competitors_out_of_business, shop,
          nicolae_shop_rolling_square, nicolae_shop_window_shopping
D:4:      layout_basic, nicolae_elyvilon_temple_path, zin_purify,
          pf_just_have_faith, ashenzari_conservatory_becter, st_stairs_8,
          uniq_menkaure, uniq_eustachio
D:5:      layout_loops_ring
D:6:      layout_cave_pools

Skill      XL: |  1  2  3  4  5  6  7  8 |
---------------+-------------------------+-----
Unarmed Combat | 4 5 6 7 |  7.0
Fighting       | 2 3 4 |  4.3
Dodging        | 3 4 |  4.7
Shapeshifting  | 4 5 6 |  6.0

Action                     |  1- 3 |  4- 6 |  7- 9 || total
---------------------------+-------+-------+-------++-------
  Melee: Unarmed           |    54 |   122 |   104 ||   280
         Constrict         |     9 |    38 |    24 ||    71
         Tentacles         |     7 |    23 |    27 ||    57
         Punch             |       |     3 |     3 ||     6
  Throw: Dart              |       |     1 |       ||     1
    Use: Potion            |       |     1 |       ||     1
   Stab: Sleeping          |     5 |     8 |     6 ||    19
         Distracted        |       |     1 |       ||     1
 Armour: Skin              |     2 |     6 |     3 ||    11
  Dodge: Dodged            |    24 |    68 |    46 ||   138
  Block: Buckler           |       |     4 |    10 ||    14

Table legend: (Time is in decaauts)
 A = Elapsed time spent in this place.
 B = Non-inter-level travel time spent in this place.
 C = Inter-level travel time spent in this place.
 D = Time resting spent in this place.
 E = Time spent auto-exploring this place.
 F = Levels seen in this place.
 G = Mean time per level.
                   A        B        C        D        E       F      G
               +--------+--------+--------+--------+--------+-----+--------+
         Total |   4114 |   3739 |    375 |    521 |   2455 |   6 |  685.7 |
       Dungeon |   4114 |   3739 |    375 |    521 |   2455 |   6 |  685.7 |
               +--------+--------+--------+--------+--------+-----+--------+

Top non-repeatable levels by time:
     D:3: 1026 daAuts
     D:1: 848 daAuts
     D:5: 775 daAuts
     D:4: 713 daAuts
     D:2: 685 daAuts
     D:6: 64 daAuts
